 Dungeon Crawl Stone Soup version 0.30.1-11-g7821555f0a (webtiles) character file.

Game seed: 12653780279000570730

12323 Kallu the Thaumaturge (level 11, -2/77 HPs)
             Began as a Demonspawn Earth Elementalist on Jan 3, 2024.
             Was the Champion of Cheibriados.
             Slain by a skeletal warrior
             ... wielding a +0 long sword
              (26 damage)
             ... on level 11 of the Dungeon.
             The game lasted 00:29:06 (9635 turns).

Kallu the Thaumaturge (DsEE)                        Turns: 9635, Time: 00:29:08

Health: -2/77      AC: 14    Str: 29    XL:     11   Next: 60%
Magic:  3/25       EV: 19    Int: 44    God:    Cheibriados [******]
Gold:   288        SH: 12    Dex: 30    Spells: 20/30 levels left

rFire   . . .        a - +4 scimitar (flame)
rCold   + . .        T - +0 kite shield {rN+}
rNeg    + . .        P - +0 leather armour of Omnuc {rC+ Str+6 Int+3}
rPois   .            H - +2 helmet
rElec   .            (no cloak)
rCorr   .            (no gloves)
SInv    .            J - +2 pair of boots
Will    .....        (no amulet)
Stlth   +++          f - +6 ring of intelligence
HPRegen 0.32/turn    F - +4 ring of protection
MPRegen 0.19/turn

%: no passive effects
@: about to teleport, very slow
A: repulsion field 2, demonic guardian 1, foul stench 1, demonic touch 1
a: Renounce Religion, Bend Time, Temporal Distortion, Slouch, Step From Time


You were on level 11 of the Dungeon.
You worshipped Cheibriados.
Cheibriados was exalted by your worship.
You visited 1 branch of the dungeon, and saw 11 of its levels.

You collected 690 gold pieces.
You spent 402 gold pieces at shops.

Inventory:

Hand Weapons
 a - a +4 scimitar of flaming (weapon)
 b - a +2 spectral long sword
Missiles
 L - 6 throwing nets
Armour
 m - an orb of guile
 t - a +2 chain mail of cold resistance
 G - the +2 leather armour "Tanu" {Str+3}
   (You found it on level 5 of the Dungeon)

   Str:       It affects your strength (+3).
 H - a +2 helmet (worn)
 J - a +2 pair of boots (worn)
 M - the +3 chain mail of Resourcefulness {Harm Regen+ rCorr}
   (You found it on level 7 of the Dungeon)

   Regen:     It increases your rate of health regeneration.
   rCorr:     It protects you from acid and corrosion.
   Harm:      It increases damage dealt and taken.
 P - the +0 leather armour of Omnuc (worn) {rC+ Str+6 Int+3}
   (You found it on level 9 of the Dungeon)

   Str:       It affects your strength (+6).
   Int:       It affects your intelligence (+3).
   rC:        It protects you from cold.
 T - a +0 kite shield of positive energy (worn)
Jewellery
 f - a +6 ring of intelligence (left hand)
 F - a +4 ring of protection (right hand)
 I - a ring of willpower
 N - a ring of protection from fire
Wands
 s - a wand of flame (42)
 v - a wand of digging (5)
 x - a wand of roots (10)
 y - a wand of paralysis (15)
Scrolls
 d - 2 scrolls of enchant armour
 g - 6 scrolls of enchant weapon
 h - a scroll of brand weapon
 i - 10 scrolls of teleportation
 k - 4 scrolls of summoning
 q - 5 scrolls of magic mapping {unknown}
 u - 2 scrolls of poison
 w - 4 scrolls of fear
 D - a scroll of fog
 E - a scroll of amnesia
 K - 4 scrolls of noise
 S - a scroll of torment
Potions
 c - 2 potions of haste {unknown}
 e - a potion of flight {unknown}
 j - 6 potions of curing
 n - a potion of mutation
 o - 2 potions of berserk rage {unknown}
 p - 5 potions of degeneration {unknown}
 r - 4 potions of brilliance {unknown}
 z - 2 potions of might {unknown}
 A - 4 potions of heal wounds {unknown}
 B - 4 potions of lignification {unknown}
 C - a potion of cancellation {unknown}
 O - a potion of attraction {unknown}
 Q - a potion of invisibility
 U - a potion of resistance {unknown}
 V - a potion of magic


   Skills:
 - Level 4.0 Fighting
 + Level 1.1 Long Blades
 - Level 6.0 Armour
 - Level 5.1 Dodging
 - Level 1.7 Stealth
 + Level 2.5 Shields
 - Level 10.1 Spellcasting
 + Level 8.6 Conjurations
 - Level 0.8 Transmutations
 - Level 3.0 Fire Magic
 + Level 6.7 Earth Magic
 - Level 2.0 Invocations


You had 20 spell levels left.
You knew the following spells:

 Your Spells              Type           Power      Damage    Failure   Level
a - Sandblast             Erth           100%       2d20      1%          1
b - Passwall              Tmut/Erth      44%        N/A       1%          2
c - Stone Arrow           Conj/Erth      100%       3d13      1%          3
d - Flame Wave            Conj/Fire      65%        2d15      2%          4

Your spell library contained the following spells:

 Spells                   Type           Power      Damage    Failure   Level
 Hailstorm                Conj/Ice       56%        3d12      1%          3
 Sticky Flame             Conj/Fire      65%        2d8       2%          4
 Apportation              Tloc           44%        N/A       3%          1
 Necrotise                Necr           88%        1d8       3%          1
 Summon Small Mammal      Summ           88%        N/A       3%          1
 Ensorcelled Hibernation  Hex/Ice        44%        N/A       4%          2
 Inner Flame              Hex/Fire       35%        N/A       4%          3
 Petrify                  Tmut/Erth      53%        N/A       6%          4
 Spider Form              Tmut/Pois      26%        N/A       8%          3
 Animate Armour           Summ/Erth      100%       N/A       8%          4
 Iron Shot                Conj/Erth      37%        9d7       19%         6
 Ice Form                 Ice/Tmut       26%        N/A       24%         4
 Anguish                  Hex/Necr       11%        N/A       28%         4
 Cause Fear               Hex            11%        N/A       28%         4
 Blade Hands              Tmut           14%        N/A       50%         5
 Simulacrum               Ice/Necr       11%        N/A       99%         6
 Enfeeble                 Hex            11%        N/A       100%        7


Dungeon Overview and Level Annotations

Branches:
Dungeon (11/15)            Temple (0/1) D:7            Lair (0/5) D:11
    Orc (0/2) D:11

Altars:
Cheibriados
Fedhas
Hepliaklqana
Xom

Shops:
D:3 [   D:7 *   D:9 !??(

Annotations:
D:2 1 runed translucent door, Crazy Yiuf
D:5 1 runed translucent door, tykejmi's ghost, novice DrTm
D:7 4 runed translucent doors
D:9 exclusion: 2 doors


Innate Abilities, Weirdness & Mutations

You are surrounded by a moderate repulsion field. (EV +3)
A weak demonic guardian rushes to your aid.
You may rarely emit foul miasma when damaged in melee.
Your touch may inflict minor irresistible damage on your foes.


Message History

The skeletal warrior is almost destroyed.
The flame wave engulfs the skeletal warrior.
The skeletal warrior is lightly damaged.
You finish channelling waves of flame.
The skeletal warrior completely misses you.
Okay, then.
Okay, then.
Unknown command.
Okay, then.
As you read the scroll of teleportation, it crumbles to dust.
You feel strangely unstable.
The skeletal warrior hits you with a +0 long sword!!
You emit a cloud of foul miasma!
The skeletal warrior hits you with a +0 battleaxe!
Unknown command.
Aiming: Fastroot
Press: ? - help, Shift-Dir - straight line, f - skeletal warrior
Aim: a skeletal warrior, wielding a +0 battleaxe (almost destroyed)
The roots erupt in riotous growth!
Roots grab the skeletal warrior.
Roots grab the manticore.
Roots grab the skeletal warrior.
The grasping roots constrict the skeletal warrior, but do no damage. x2
The grasping roots constrict the manticore.
You block the skeletal warrior's attack. x2
The manticore struggles to escape constriction.
Unknown command.
Activating: Slouch (38% risk of failure)
Press: ? - help, Dir - look around, f - activate You can feel time thicken for a moment.
You destroy the skeletal warrior!
Cheibriados thoroughly appreciates the change of pace.
You kill the centaur!
The centaur's corpse dissolves into shadows!
The grasping roots constrict the skeletal warrior!
The grasping roots constrict the manticore.
The roots release their grip on the manticore.
The roots release their grip on the skeletal warrior.
You block the skeletal warrior's attack.
The skeletal warrior hits you with a +0 long sword!!
You die...

####.z..##.#......# #.#.....# #.#
#.......#..#.#.)..# #.#.###.###.#
#...z#....##'#....###.#.#........
....z#.####...###.....#.#.#.###..
....#..####...# #.#####.#.#......
..............# #.# #.#.######.
......###########.# #.#.# #.
.>.............z..#####.#.# #.
#...........TzH)@.....#.#.# #.
............##z.........#.# #.
#.#########.##.######.###.######.
..........#.##.##................
..#######.#.##.##.#<...##.#######
### ###.#.##.##.#.##.##.#
..#.#.##.##.........###
#.#.#.##.####.##......#
#.#.#.##.#<.....#####.#


You could see 3 skeletal warriors, a manticore (summoned) and a troll
(summoned).

Vanquished Creatures
  Erica (D:11)
  A two-headed ogre (D:9)
  Amaemon (D:9)
  A skeletal warrior (D:11)
  An orange demon (D:9)
  Psyche (D:10)
  An efreet (D:11)
  A komodo dragon (D:9)
  A queen bee (D:10)
  4 trolls (D:10)
  Prince Ribbit (D:9)
  Sigmund (D:2)
  A wraith (D:9)
  3 wyverns (D:11)
  15 yaks
  A vampire (D:10)
  Eustachio (D:6)
  An acid dragon (D:11)
  Duvessa (D:6)
  6 water moccasins
  An orc warrior (D:11)
  2 black bears
  3 ice beasts
  2 centaurs
  4 phantoms
  3 bullfrogs
  2 kobold brigands
  3 gnoll sergeants
  4 scorpions
  4 wights (D:9)
  14 killer bees
  Dowan (D:6)
  5 howler monkeys
  8 hounds
  3 jellies
  4 gnoll boudas (D:8)
  4 orc priests
  3 sleepcaps
  5 iguanas
  Ijyb (D:3)
  5 orc wizards
  8 ogre zombies (D:11)
  27 gnolls
  8 adders
  4 shadow imps
  2 worms
  3 dart slugs
  20 orcs
  4 endoplasms
  6 giant cockroaches
  7 goblins
  7 hobgoblins
  11 jackals
  2 quokkas
  3 ball pythons
  5 bats
  4 frilled lizards
  A goblin skeleton (D:11)
  2 goblin zombies (D:11)
  A hobgoblin skeleton (D:11)
  4 hobgoblin zombies (D:11)
  14 kobolds
  An orc skeleton (D:11)
  14 orc zombies (D:11)
  6 rats
  A spectral kobold (D:9)
290 creatures vanquished.

Vanquished Creatures (others)
  An ogre (D:5)
  A scorpion (D:5)
  An orc (D:5)
  A quokka (D:5)
  A goblin zombie (D:11)
  An orc zombie (D:11)
6 creatures vanquished.

Grand Total: 296 creatures vanquished

Notes
Turn   | Place    | Note
-------+----------+-------------------------------------------
     0 | D:1      | Kallu the Demonspawn Earth Elementalist began the quest for
                  | the Orb.
     0 | D:1      | Reached XP level 1. HP: 13/13 MP: 3/3
   193 | D:1      | Gained mutation: Your touch may inflict minor irresistible
                  | damage on your foes. [demonic ancestry]
   193 | D:1      | Reached XP level 2. HP: 19/19 MP: 0/5
   662 | D:2      | Noticed Sigmund
   667 | D:2      | Learned a level 2 spell: Passwall
   704 | D:2      | Found a runed translucent door.
   705 | D:2      | Noticed Crazy Yiuf
   772 | D:2      | Reached XP level 3. HP: 24/24 MP: 1/6
   912 | D:2      | Learned a level 3 spell: Stone Arrow
  1143 | D:2      | Killed Sigmund
  1144 | D:2      | Reached skill level 4 in Spellcasting
  1144 | D:2      | Gained mutation: You are surrounded by a mild repulsion
                  | field. (EV +2) [demonic ancestry]
  1144 | D:2      | Reached XP level 4. HP: 30/30 MP: 1/10
  1144 | D:2      | Gained mutation: You may rarely emit foul miasma when
                  | damaged in melee. [demonic ancestry]
  1144 | D:2      | Reached XP level 5. HP: 35/35 MP: 1/11
  1231 | D:2      | Found a faded altar of an unknown god.
  1248 | D:2      | Prayed at the altar of an unknown god.
  1248 | D:2      | Became a worshipper of Cheibriados the Contemplative
  1248 | D:2      | Reached * piety under Cheibriados
  1477 | D:3      | Found Texta's Antique Armour Boutique.
  1551 | D:3      | Noticed Ijyb
  1554 | D:3      | Killed Ijyb
  1765 | D:3      | Reached XP level 6. HP: 40/42 MP: 9/12
  1775 | D:3      | Reached ** piety under Cheibriados
  2354 | D:4      | You fall into a shaft and drop 3 floors!
  2391 | D:7      | Reached skill level 1 in Fighting
  2394 | D:7      | Found a huge runed translucent gate.
  2394 | D:7      | Found a huge runed translucent gate.
  2394 | D:7      | Found a huge runed translucent gate.
  2394 | D:7      | Found a huge runed translucent gate.
  2394 | D:7      | Noticed a polar bear
  2394 | D:7      | Noticed a death yak
  2394 | D:7      | Noticed a polar bear
  2394 | D:7      | Noticed a hog
  2394 | D:7      | Noticed a polar bear
  2394 | D:7      | Noticed a hog
  2394 | D:7      | Noticed a yak
  2394 | D:7      | Noticed a polar bear
  2395 | D:7      | Noticed a polar bear
  2593 | D:6      | Reached XP level 7. HP: 51/51 MP: 9/13
  2611 | D:6      | Noticed Dowan
  2716 | D:6      | Noticed Duvessa
  2732 | D:6      | Killed Duvessa
  2733 | D:6      | Reached skill level 5 in Spellcasting
  2735 | D:6      | Killed Dowan
  2872 | D:5      | Entered Level 5 of the Dungeon
  2947 | D:5      | Identified the +2 leather armour "Tanu" {Str+3}
  3189 | D:5      | Reached *** piety under Cheibriados
  3262 | D:5      | Found a runed translucent door.
  3266 | D:5      | Noticed tykejmi's ghost (novice DrTm)
  3285 | D:4      | Gained mutation: A weak demonic guardian rushes to your
                  | aid. [demonic ancestry]
  3285 | D:4      | Reached XP level 8. HP: 57/58 MP: 12/16
  3382 | D:4      | Reached skill level 5 in Earth Magic
  3762 | D:5      | Reached skill level 6 in Spellcasting
  3793 | D:5      | Found a shimmering altar of Xom.
  4256 | D:6      | Noticed Eustachio
  4260 | D:6      | Killed Eustachio
  4386 | D:6      | Reached **** piety under Cheibriados
  4580 | D:7      | Reached skill level 7 in Spellcasting
  4593 | D:7      | Reached skill level 1 in Fire Magic
  4593 | D:7      | Reached XP level 9. HP: 64/64 MP: 15/19
  4669 | D:7      | Found a staircase to the Ecumenical Temple.
  4685 | D:7      | Found Ocapoixegh's Assorted Antiques.
  4701 | D:7      | Bought a scroll labelled TUOSME YTOXKU for 31 gold pieces
  4701 | D:7      | Bought a potion of curing for 93 gold pieces
  4701 | D:7      | Bought a scroll labelled ZEVITEUSHUFUE for 31 gold pieces
  4947 | D:7      | Identified the +3 chain mail of Resourcefulness {Harm
                  | Regen+ rCorr}
  5522 | D:8      | Reached skill level 1 in Armour
  5576 | D:8      | Identified the +9 dagger "Ocoixkoo" {freeze, Str+2 Int+3}
  5582 | D:8      | Reached ***** piety under Cheibriados
  5872 | D:8      | Reached skill level 8 in Spellcasting
  6164 | D:8      | Reached skill level 5 in Conjurations
  6388 | D:9      | Identified the +0 leather armour of Omnuc {rC+ Str+6 Int+3}
  6408 | D:9      | Found Iga Tam's Weapon Shoppe.
  6428 | D:9      | Noticed a two-headed ogre
  6441 | D:9      | Noticed Prince Ribbit
  6442 | D:9      | Found Cucs's Magic Scroll Shop.
  6443 | D:9      | Noticed an orange demon
  6449 | D:9      | Killed an orange demon
  6453 | D:9      | Killed Prince Ribbit
  6454 | D:9      | Gained mutation: You are surrounded by a moderate repulsion
                  | field. (EV +3) [demonic ancestry]
  6454 | D:9      | Reached XP level 10. HP: 49/71 MP: 6/22
  6550 | D:9      | Bought a scroll of identify for 28 gold pieces
  6698 | D:9      | Noticed a two-headed ogre
  6702 | D:9      | Killed a two-headed ogre
  6703 | D:9      | Reached skill level 5 in Armour
  6881 | D:9      | Noticed Amaemon
  6895 | D:9      | Killed Amaemon
  7016 | D:9      | Bought a scroll of blinking for 105 gold pieces
  7246 | D:9      | Learned a level 4 spell: Flame Wave
  7250 | D:9      | Found Icooth's Distillery.
  7253 | D:9      | Bought a potion of curing for 33 gold pieces
  7253 | D:9      | Bought a potion of curing for 33 gold pieces
  7348 | D:9      | Found a hazy altar of Hepliaklqana.
  7434 | D:9      | Found Asaosasa's Magic Scroll Emporium.
  7442 | D:9      | Bought a scroll of identify for 24 gold pieces
  7442 | D:9      | Bought a scroll of identify for 24 gold pieces
  7496 | D:10     | Entered Level 10 of the Dungeon
  7562 | D:10     | Noticed Psyche
  7571 | D:10     | Killed Psyche
  7776 | D:10     | Reached skill level 9 in Spellcasting
  7902 | D:10     | Reached XP level 11. HP: 57/77 MP: 7/24
  8129 | D:10     | Reached ****** piety under Cheibriados
  8322 | D:10     | Found a blossoming altar of Fedhas.
  8777 | D:11     | Found a staircase to the Orcish Mines.
  8796 | D:11     | Reached skill level 10 in Spellcasting
  8798 | D:11     | Reached skill level 5 in Dodging
  9069 | D:11     | Reached skill level 1 in Shields
  9072 | D:11     | Found a staircase to the Lair.
  9346 | D:11     | Noticed Erica
  9356 | D:11     | Killed Erica
  9357 | D:11     | Reached skill level 1 in Long Blades
  9411 | D:11     | Noticed a skeletal warrior
  9411 | D:11     | Noticed a skeletal warrior
  9413 | D:11     | Noticed a skeletal warrior
  9413 | D:11     | Noticed a skeletal warrior
  9425 | D:11     | Noticed a skeletal warrior
  9635 | D:11     | Killed a skeletal warrior
  9635 | D:11     | Slain by a skeletal warrior

Illustrated notes

Levels and vault maps discovered:
D:1:      mainiacjoe_arrival_reflecting_pool, layout_rooms
D:2:      layout_loops_ring, shapermc_ecumenical_altar_gd,
          uniq_crazy_yiuf_cottage, uniq_sigmund
D:3:      layout_loops_ring, serial_shops, shop, uniq_ijyb
D:4:      layout_basic
D:5:      layout_loops_ring, xom_confusion_cloud, ebering_ghost_sewer_d,
          minmay_quadrilaterals
D:6:      layout_rooms, uniq_duvessa, uniq_eustachio
D:7:      lemuel_bear_cage, layout_basic, temple_statues, serial_shops, shop,
          minmay_strange_pillars
D:8:      layout_cave_pools, serial_gnoll_camp, gnoll_camp_mini_house,
          gnoll_camp_mini_basic, gnoll_camp_medium_02, gnoll_camp_mini_basic,
          gnoll_camp_mini_loothouse, gnoll_camp_mini_sergeant
D:9:      layout_basic, nicolae_hepliaklqana_monster_ancestors, serial_shops,
          nicolae_shop_statue_plus, shop, shop, shop, kennysheep_generic_room_7,
          uniq_amaemon, uniq_prince_ribbit1
D:10:     layout_roguey, general_overflow_altar, nicolae_looking_at_the_future,
          uniq_psyche
D:11:     layout_basic, minmay_lair_entry_grove, zombieorc2_lemuel, uniq_erica

Skill      XL: |  1  2  3  4  5  6  7  8  9 10 11 |
---------------+----------------------------------+-----
Earth Magic    | 3 4 6 |  6.7
Spellcasting   | 4 5 7 8 9 10 | 10.1
Conjurations   | 2 3 4 6 8 |  8.6
Dodging        | 2 3 5 |  5.1
Fighting       | 2 3 4 |  4.0
Invocations    | 2 |  2.0
Fire Magic     | 1 3 |  3.0
Armour         | 4 6 |  6.0
Shields        | 2 |  2.5
Long Blades    | 1 |  1.1
Stealth        | |  1.7
Transmutations | |  0.8

Action                     |  1- 3 |  4- 6 |  7- 9 | 10-12 || total
---------------------------+-------+-------+-------+-------++-------
  Melee: Unarmed           |     9 |     9 |     2 |       ||    20
         Touch             |     3 |     1 |     6 |    10 ||    20
         Dagger            |       |       |    18 |       ||    18
         Halberd           |       |       |    21 |     1 ||    22
         Long sword        |       |       |       |    35 ||    35
         Scimitar          |       |       |       |    12 ||    12
   Cast: Sandblast         |    36 |    55 |   151 |    43 ||   285
         Stone Arrow       |       |     1 |    14 |    41 ||    56
         Flame Wave        |       |       |       |    26 ||    26
 Invoke: Slouch            |       |       |       |     2 ||     2
  Evoke: Wand              |       |       |       |     7 ||     7
    Use: Potion            |     1 |       |       |     2 ||     3
         Scroll            |       |     4 |     3 |    16 ||    23
   Stab: Sleeping          |       |       |     1 |       ||     1
 Armour: Robe              |     6 |     7 |       |       ||    13
         Ring mail         |       |     3 |     1 |       ||     4
         Leather armour    |       |       |    40 |    29 ||    69
         Chain mail        |       |       |    36 |       ||    36
  Dodge: Dodged            |    15 |    53 |   105 |   128 ||   301
  Block: Kite shield       |       |       |       |    15 ||    15
